 Dungeon Sprint DCSS version 0.29-a0-817-g9904bce7a6 (webtiles) character file.

Game seed: 2534805543144517015

195708 wilfster70 the Conqueror (level 18, -25/200 HPs)
             Began as a Minotaur Fighter on July 5, 2022.
             Was the Champion of Qazlal.
             Killed from afar by Dispater (63 damage)
             ... with a crystal spear
             ... in the Dungeon (Sprint V: "Ziggurat Sprint").
             The game lasted 00:20:05 (2952 turns).

wilfster70 the Conqueror (Minotaur Fighter)         Turns: 2952, Time: 00:20:05

Health: -25/200    AC: 52    Str: 25    XL:     18   Next: 13%
Magic:  6/34       EV: 23    Int:  7    God:    Qazlal [******]
Gold:   0          SH: 40    Dex: 12    Spells: 17/17 levels left

rFire   + . .      SeeInvis .   a - +9 broad axe (flame)
rCold   + + .      Faith    .   b - +3 tower shield
rNeg    + . .      Spirit   .   k - +12 gold dragon scales
rPois   +          Reflect  +   (helmet restricted)
rElec   .          Harm     .   s - +2 cloak of the Dungeon {-Cast Will+ Regen+}
rCorr   .          Rampage  .   C - +1 pair of gloves {hurl}
Will    ++...      NoTele   +   x - +1 pair of boots {Fly}
Stlth   .......... NoCast   +   K - amulet of Guack {Reflect Drain rPois rN+ SH+5}
HPRegen 1.23/turn               c - ring of Hureorra {Wiz rC+ Slay+3}
MPRegen 0.24/turn               J - ring of the Hare {EV+8}

@: protected from physical damage, flying, studying 3 skills, repel missiles
A: horns 2, retaliatory headbutt
a: Renounce Religion, Upheaval, Elemental Force, Disaster Area


You were in the Dungeon.
You worshipped Qazlal.
Qazlal was exalted by your worship.
You visited 1 branch

Inventory:

Hand Weapons
 a - a +9 broad axe of flaming (weapon)
Armour
 b - a +3 tower shield (worn)
 k - +12 gold dragon scales (worn)
 s - the +2 cloak of the Dungeon (worn) {-Cast Will+ Regen+}
   (You found it in the Dungeon)

   -Cast:     It prevents spellcasting.
   Regen:     It increases your rate of health regeneration.
   Will:      It increases your willpower.
 x - a +1 pair of boots of flying (worn)
 A - the +10 tower shield of Ignorance {rN+ Int-4}
   (You found it in the Dungeon)

   Int:       It affects your intelligence (-4).
   rN:        It protects you from negative energy.
 C - a +1 pair of gloves of hurling (worn)
Jewellery
 c - the ring of Hureorra (left hand) {Wiz rC+ Slay+3}
   (You found it in the Dungeon)

   [ring of wizardry]

   It improves your spell success rate.
   Slay:      It affects your accuracy & damage with ranged weapons and melee
   (+3).
   rC:        It protects you from cold.
 z - the ring "Iluiqo Giga" {rElec rPois Will+ Slay+4 Stlth+}
   (You found it in the Dungeon)

   [ring of slaying]

   Slay:      It affects your accuracy & damage with ranged weapons and melee
   (+4).
   rElec:     It insulates you from electricity.
   rPois:     It protects you from poison.
   Will:      It increases your willpower.
   Stlth:     It makes you more stealthy.
 B - a +6 ring of strength
 D - a ring of protection from fire
 F - a ring of see invisible
 H - a ring of resist corrosion
 I - an amulet of the acrobat
 J - the ring of the Hare (right hand) {EV+8}
   (You found it in the Dungeon)

   [ring of evasion]

   EV:        It affects your evasion (+8).
 K - the amulet of Guack (around neck) {Reflect Drain rPois rN+ SH+5}
   (You found it in the Dungeon)

   [amulet of reflection]

   It reflects blocked missile attacks.
   rPois:     It protects you from poison.
   rN:        It protects you from negative energy.
   Drain:     It drains your maximum health when unequipped.
   SH:        It affects your SH (+5).
 L - the ring of the Blind Eye {Will+ Str+3 SInv}
   (You took it off a vampire in the Dungeon)

   [ring of willpower]

   Str:       It affects your strength (+3).
   SInv:      It lets you see invisible.
   Will:      It increases your willpower.
 M - an amulet of regeneration
Wands
 t - a wand of mindburst (7)
 u - a wand of iceblast (7)
 v - a wand of quicksilver (7)
Scrolls
 j - 4 scrolls of blinking
 l - 4 scrolls of amnesia
 m - 7 scrolls of fog
 n - 2 scrolls of fear
 r - 5 scrolls of identify
 G - 5 scrolls of brand weapon
Potions
 d - 6 potions of might
 e - 10 potions of curing
 f - 19 potions of heal wounds
 g - 6 potions of haste
 h - 6 potions of magic
 i - 2 potions of berserk rage
 o - 2 potions of brilliance
 p - 2 potions of invisibility
 q - 3 potions of resistance
Miscellaneous
 w - a lightning rod (4/4)
 y - a condenser vane
 E - a tin of tremorstones (2/2)


   Skills:
 O Level 27 Fighting
 - Level 18.0 Axes
 O Level 27 Armour
 + Level 25.5 Dodging
 + Level 26.6 Shields
 O Level 27 Invocations
 O Level 27 Evocations


You had 17 spell levels left.
You didn't know any spells.
Your spell library contained the following spells:

 Spells                   Type           Power      Damage    Failure   Level
 Apportation              Tloc           0%         N/A       77%         1
 Beastly Appendage        Tmut           0%         N/A       77%         1
 Freeze                   Ice            0%         1d3       77%         1
 Magic Dart               Conj           0%         1d3       77%         1
 Necrotise                Necr           0%         1d4       77%         1
 Sandblast                Erth           0%         2d4       77%         1
 Shock                    Conj/Air       0%         1d3       77%         1
 Slow                     Hex            0%         N/A       77%         1
 Sting                    Tmut/Pois      0%         1d3       77%         1
 Summon Small Mammal      Summ           0%         N/A       77%         1
 Call Imp                 Summ           0%         N/A       87%         2
 Passwall                 Tmut/Erth      0%         N/A       87%         2
 Poisonous Vapours        Pois/Air       0%         N/A       87%         2
 Scorch                   Fire           0%         2d5       87%         2
 Searing Ray              Conj           0%         2d4       87%         2
 Static Discharge         Conj/Air       0%         3-3/arc   87%         2
 Wereblood                Tmut           0%         N/A       87%         2
 Call Canine Familiar     Summ           0%         N/A       98%         3
 Confusing Touch          Hex            0%         N/A       98%         3
 Conjure Flame            Conj/Fire      0%         6-21      98%         3
 Frozen Ramparts          Ice            0%         1d2       98%         3
 Gell's Gravitas          Tloc           0%         N/A       98%         3
 Ignite Poison            Fire/Tmut/Pois 0%         N/A       98%         3
 Inner Flame              Hex/Fire       0%         N/A       98%         3
 Lesser Beckoning         Tloc           0%         N/A       98%         3
 Mephitic Cloud           Conj/Pois/Air  0%         N/A       98%         3
 Ozocubu's Armour         Ice            0%         N/A       98%         3
 Portal Projectile        Hex/Tloc       0%         N/A       98%         3
 Spider Form              Tmut/Pois      0%         N/A       98%         3
 Stone Arrow              Conj/Erth      0%         3d7       98%         3
 Summon Guardian Golem    Hex/Summ       0%         N/A       98%         3
 Swiftness                Air            0%         N/A       98%         3
 Teleport Other           Tloc           0%         N/A       98%         3
 Tukima's Dance           Hex            0%         N/A       98%         3
 Vampiric Draining        Necr           0%         2d6       98%         3
 Airstrike                Air            0%         0-1+      100%        4
 Anguish                  Hex/Necr       0%         N/A       100%        4
 Animate Armour           Summ/Erth      0%         N/A       100%        4
 Cause Fear               Hex            0%         N/A       100%        4
 Corpse Rot               Necr/Pois/Air  0%         N/A       100%        4
 Dispel Undead            Necr           0%         3d6       100%        4
 Flame Wave               Conj/Fire      0%         2d4       100%        4
 Fulminant Prism          Conj/Hex       0%         3d6       100%        4
 Ice Form                 Ice/Tmut       0%         N/A       100%        4
 Leda's Liquefaction      Hex/Erth       0%         N/A       100%        4
 Olgreb's Toxic Radiance  Pois           0%         N/A       100%        4
 Passage of Golubria      Tloc           0%         N/A       100%        4
 Petrify                  Tmut/Erth      0%         N/A       100%        4
 Sticky Flame             Conj/Fire      0%         2d3       100%        4
 Summon Ice Beast         Ice/Summ       0%         N/A       100%        4
 Summon Lightning Spire   Summ/Air       0%         N/A       100%        4
 Agony                    Necr           0%         N/A       100%        5
 Alistair's Intoxication  Tmut/Pois      0%         N/A       100%        5
 Blade Hands              Tmut           0%         N/A       100%        5
 Borgnjor's Vile Clutch   Necr/Erth      0%         N/A       100%        5
 Fireball                 Conj/Fire      0%         3d3       100%        5
 Freezing Cloud           Conj/Ice/Air   0%         6-21      100%        5
 Irradiate                Conj/Tmut      0%         3d13      100%        5
 Iskenderun's Battlesphe  Conj           0%         2d6       100%        5
 Lightning Bolt           Conj/Air       0%         1d11      100%        5
 Metabolic Englaciation   Hex/Ice        0%         N/A       100%        5
 Silence                  Hex/Air        0%         N/A       100%        5
 Summon Forest            Summ/Tloc      0%         N/A       100%        5
 Summon Mana Viper        Hex/Summ       0%         N/A       100%        5
 Yara's Violent Unravell  Hex/Tmut       0%         3d3       100%        5
 Conjure Ball Lightning   Conj/Air       0%         3x3d6     100%        6
 Death Channel            Necr           0%         N/A       100%        6
 Dispersal                Tloc           0%         N/A       100%        6
 Iron Shot                Conj/Erth      0%         9d1       100%        6
 Simulacrum               Ice/Necr       0%         N/A       100%        6
 Starburst                Conj/Fire      0%         6d3       100%        6
 Statue Form              Tmut/Erth      0%         N/A       100%        6
 Summon Cactus Giant      Summ           0%         N/A       100%        6
 Dragon Form              Tmut           0%         N/A       100%        7
 Enfeeble                 Hex            0%         N/A       100%        7
 Malign Gateway           Summ/Tloc      0%         N/A       100%        7
 Monstrous Menagerie      Summ           0%         N/A       100%        7
 Orb of Destruction       Conj           0%         9d5       100%        7
 Spellforged Servitor     Conj/Summ      0%         N/A       100%        7
 Storm Form               Tmut/Air       0%         N/A       100%        7
 Discord                  Hex            0%         N/A       100%        8
 Disjunction              Tloc           0%         N/A       100%        8
 Ignition                 Fire           0%         3d3       100%        8
 Lehudib's Crystal Spear  Conj/Erth      0%         10d2      100%        8
 Necromutation            Tmut/Necr      0%         N/A       100%        8
 Summon Horrible Things   Summ           0%         N/A       100%        8
 Chain Lightning          Conj/Air       0%         N/A       100%        9
 Fire Storm               Conj/Fire      0%         5d1       100%        9
 Polar Vortex             Ice            0%         N/A       100%        9
 Shatter                  Erth           0%         3d5*      100%        9


Dungeon Overview and Level Annotations

Branches:
Dungeon (1/1)

Altars:
Ashenzari
Cheibriados
Dithmenos
Elyvilon
Fedhas
Gozag
Hepliaklqana
Kikubaaqudgha
Makhleb
Nemelex Xobeh
Okawaru
Qazlal
Ru
Sif Muna
Trog
Uskayaw
Vehumet
Wu Jian
Xom
Yredelemnul
Zin
The Shining One
Jiyva
Lugonu

Annotations:
D Antaeus, Dispater


Innate Abilities, Weirdness & Mutations

You have a pair of horns on your head.
You reflexively headbutt those who attack you in melee.


Message History

Your resistance to cold fades away.
You feel protected from physical attacks.
You barely miss Antaeus. You headbutt Antaeus.
Antaeus is almost dead.
You hit Dispater but do no damage. You hit the Hell Sentinel.
You slice the Hell Sentinel!! The Hell Sentinel misses you.
You furiously retaliate!
You headbutt the Hell Sentinel, but do no damage.
You block the Hell Sentinel's attack. x3
Antaeus gestures at you. The flash freeze hits you!! You partially resist.
You are encased in ice.
Dispater hits you with the +4 staff of Dispater!!
You hit Antaeus but do no damage.
Antaeus is almost dead.
You slash the Hell Sentinel!
You hit the Hell Sentinel but do no damage.
You hit Dispater but do no damage.
You block the Hell Sentinel's attack. x4
Antaeus gestures at you. The bolt of lightning misses you.
You hit Antaeus. You burn Antaeus.
Antaeus is almost dead.
You hit the Hell Sentinel. You hit Dispater but do no damage.
You hit the Hell Sentinel but do no damage.
Dispater gestures.
The Hell Sentinel gestures at you.
The iron shot reflects off an invisible shield around you!
The iron shot hits the Hell Sentinel!!!
You slice Antaeus!! You burn Antaeus!
Antaeus is almost dead.
You slash the Hell Sentinel! You barely miss the Hell Sentinel.
You hit Dispater but do no damage. You slice the Hell Sentinel!!
The ice encasing you melts away.
You block the Hell Sentinel's attack. x2
Antaeus gestures at you. The bolt of lightning hits you!!!
* * * LOW HITPOINT WARNING * * *
Dispater gestures at you. The crystal spear hits you!!!
You feel more protected from physical attacks.
You die...

).)).}.[)[.▓
.()))[.....▓≈.}.).)≈.:≈)
))())......▓§§°§§§☼○(.§)
).())......▓§°§§§☼§§.§§.
)..).......▓≈.§§☼§≈§§§§.
....)......▓.≈).≈§§§§☼☼.
...........▓.≈.○☼....≈..
...........▓.≈°≈C1....≈.
...........▓...°@&...≈.≈
..≈........▓..≈1○1....≈.
...........▓≈..°..☼..........
≈..........▓.................
.≈........ ▓....≈.≈..........
≈.....▓... ▓.≈..▓.........▓..
......... ▓.≈..≈..≈.........
......... ▓.................
......... ▓.......≈.........


You could see Antaeus (poisoned), Dispater and 3 Hell Sentinels.

Vanquished Creatures
  Dissolution (D)
  the Royal Jelly (D)
  Ignacio (D)
  2 ancient liches (D)
  Sojobo (D)
  Boris (D)
  the Lernaean hydra (D)
  Frederick (D)
  Xtahua (D)
  Saint Roka (D)
  Geryon (D)
  the Enchantress (D)
  A pearl dragon (D)
  2 Brimstone Fiends (D)
  4 hellephants (D)
  3 liches (D)
  7 searing wretches (D)
  10 deep elf master archers (D)
  9 acid blobs (D)
  Frances (D)
  Gastronok (D)
  Agnes (D)
  Chuck (D)
  Kirke (D)
  5 azure jellies (D)
  A nagaraja (D)
  12 rockslimes (D)
  2 daevas (D)
  An orc warlord (D)
  A fire giant (D)
  9 balrugs (D)
  Louise (D)
  An angel (D)
  4 stone giants (D)
  A broodmother (D)
  7 spriggan defenders (D)
  8 quicksilver oozes (D)
  An apis (D)
  3 ophanim (D)
  Azrael (D)
  5 vampire knights (D)
  2 dire elephants (D)
  5 merfolk javelineers (D)
  Snorg (D)
  A merfolk impaler (D)
  A deep elf high priest (D)
  Harold (D)
  4 great orbs of eyes (D)
  7 yaktaur captains (D)
  2 boulder beetles (D)
  Erolcha (D)
  5 hydras (D)
  A catoblepas (D)
  5 spriggan air magi (D)
  2 salamander tyrants (D)
  2 merfolk aquamancers (D)
  An anaconda (D)
  A naga warrior (D)
  A radroach (D)
  7 centaur warriors (D)
  Urug (D)
  5 vampire magi (D)
  A death yak (D)
  4 spriggan berserkers (D)
  2 hell hogs (D)
  A deep elf knight (D)
  5 skeletal warriors (D)
  A pharaoh ant (D)
  2 sun moths (D)
  A sea snake (D)
  2 spriggan druids (D)
  A steelbarb worm (D)
  A deep elf zephyrmancer (D)
  2 deep elf archers (D)
  Pikel (D)
  2 deep elf pyromancers (D)
  4 orc knights (D)
  A wolf spider (D)
  A shining eye (D)
  8 necromancers (D)
  2 orc sorcerers (D)
  9 cyclopes (D)
  An elephant (D)
  A water nymph (D)
  A merfolk siren (D)
  Joseph (D)
  Maurice (D)
  A guardian serpent (D)
  2 naga magi (D)
  5 black mambas (D)
  4 eyes of devastation (D)
  15 cane toads (D)
  Psyche (D)
  7 yaktaurs (D)
  A hellion (D)
  9 komodo dragons (D)
  2 rime drakes (D)
  3 tormentors (D)
  A merfolk (D)
  A polar bear (D)
  A wind drake (D)
  2 hornets (D)
  A tarantella (D)
  Grinder (D)
  Prince Ribbit (D)
  3 blink frogs (D)
  15 slime creatures (D)
  4 snapping turtles (D)
  A dream sheep (D)
  A jumping spider (D)
  5 spriggans (D)
  12 shadows (D)
  An air elemental (D)
  5 yaks (D)
  3 vampires (D)
  5 basilisks (D)
  2 golden eyes (D)
  Grum (D)
  3 steam dragons (D)
  Menkaure (D)
  Edmund (D)
  A warg (D)
  5 nagas (D)
  12 water moccasins (D)
  A hell hound (D)
  Pargi (D)
  6 black bears (D)
  6 orc warriors (D)
  2 ogres (D)
  7 wolves (D)
  4 centaurs (D)
  Blork the orc (D)
  A bullfrog (D)
  3 necrophages (D)
  5 wights (D)
  A crimson imp (D)
  A quasit (D)
  Crazy Yiuf (D)
  7 jellies (D)
  Jessica (D)
  Ijyb (D)
  Terence (D)
  2 iguanas (D)
  2 orc wizards (D)
  A mummy (D)
  3 adders (D)
  A river rat (D)
  An adder skeleton (D)
  5 adder zombies (D)
  2 bat skeletons (D)
  2 bat zombies (D)
  4 endoplasms (D)
  2 ball pythons (D)
  3 ball python skeletons (D)
  4 ball python zombies (D)
  2 jackal skeletons (D)
  A quokka zombie (D)
453 creatures vanquished.

Vanquished Creatures (collateral kills)
  A hellephant (D)
1 creature vanquished.

Vanquished Creatures (others)
  A jelly (D)
1 creature vanquished.

Grand Total: 455 creatures vanquished

Notes
Turn   | Place    | Note
-------+----------+-------------------------------------------
     0 | D        | wilfster70 the Minotaur Fighter began the quest for the
                  | Orb.
     0 | D        | Reached XP level 1. HP: 19/19 MP: 0/0
    16 | D        | Found a shimmering blue altar of Sif Muna.
    16 | D        | Found a bloodstained altar of Trog.
    16 | D        | Found a sacrificial altar of Ru.
    16 | D        | Found a stormy altar of Qazlal.
    16 | D        | Found an iron altar of Okawaru.
    18 | D        | Found a sparkling altar of Nemelex Xobeh.
    18 | D        | Found the +6 Majin-Bo {vamp, MP+6 Int+6}
    18 | D        | Found the +9 heavy crossbow "Sniper" {vorpal, Acc+∞ SInv}
    18 | D        | Found the +10 dark maul {vorpal}
    18 | D        | Found the +15 Maxwell's patent armour {-Cast -Tele rElec
                  | Will+ rCorr}
    18 | D        | Found the +18 shield of the Gong {rElec rN+ Will+ EV-5}
    18 | D        | Found the +14 obsidian axe {vorpal, Mesm Drain Fly SInv}
    18 | D        | Found the +7 great mace "Firestarter" {inner flame, rF++}
    18 | D        | Found the +6 shillelagh "Devastator" {shatter}
    18 | D        | Found the +11 plutonium sword {Contam Stlth-}
    18 | D        | Found the +8 lance "Wyrmbane" {slay drac, rPois rF+ rC+
                  | AC+3}
    18 | D        | Found the +9 sword of Zonguldrok {reap}
    18 | D        | Found the +13 scythe of Curses {drain, Drain}
    18 | D        | Found the +5 sword of Power {vorpal}
    18 | D        | Found the +7 mace of Variability {chain chaos}
    18 | D        | Found the +7 Singing Sword {vorpal, sonic wave}
    18 | D        | Found the +8 storm bow {elec, penet}
    19 | D        | Found an ancient bone altar of Kikubaaqudgha.
    19 | D        | Found a transporter.
    19 | D        | Found a corrupted altar of Lugonu.
    19 | D        | Found a viscous altar of Jiyva.
    19 | D        | Found a burning altar of Makhleb.
    19 | D        | Found a hazy altar of Hepliaklqana.
    19 | D        | Found an opulent altar of Gozag.
    23 | D        | Found a blossoming altar of Fedhas.
    79 | D        | Became a worshipper of Qazlal Stormbringer
    86 | D        | Reached skill level 5 in Axes
    86 | D        | Reached XP level 2. HP: 28/28 MP: 0/2
   117 | D        | Entered arena 2.
   117 | D        | Found a transporter.
   121 | D        | Reached skill level 5 in Fighting
   121 | D        | Reached skill level 5 in Armour
   121 | D        | Reached skill level 5 in Shields
   126 | D        | Entered arena 3.
   126 | D        | Found a transporter.
   130 | D        | Reached * piety under Qazlal
   131 | D        | Reached XP level 3. HP: 17/36 MP: 2/4
   132 | D        | Reached XP level 4. HP: 19/44 MP: 2/5
   308 | D        | Entered arena 4.
   308 | D        | Noticed a black bear
   308 | D        | Noticed a spriggan
   308 | D        | Noticed a spriggan
   308 | D        | Noticed a wolf
   308 | D        | Found a transporter.
   312 | D        | Killed a spriggan
   312 | D        | Reached ** piety under Qazlal
   313 | D        | Reached XP level 5. HP: 28/51 MP: 5/7
   318 | D        | Killed a black bear
   319 | D        | Reached skill level 5 in Invocations
   319 | D        | Reached XP level 6. HP: 48/60 MP: 2/8
   320 | D        | Killed a spriggan
   321 | D        | Reached skill level 10 in Axes
   321 | D        | Reached skill level 5 in Evocations
   323 | D        | Reached XP level 7. HP: 45/67 MP: 3/10
   327 | D        | Got the Monograph on Bewitching Blasts
   427 | D        | Got the +2 cloak of the Dungeon {-Cast Will+ Regen+}
   443 | D        | Entered arena 5.
   443 | D        | Noticed a steam dragon
   443 | D        | Noticed a steam dragon
   443 | D        | Noticed a steam dragon
   443 | D        | Noticed a rime drake
   443 | D        | Found a transporter.
   449 | D        | Killed a steam dragon
   450 | D        | Killed a steam dragon
   450 | D        | Reached *** piety under Qazlal
   450 | D        | Killed a rime drake
   451 | D        | Killed a steam dragon
   452 | D        | Reached XP level 8. HP: 44/78 MP: 11/11
   488 | D        | Entered arena 6.
   488 | D        | Found a transporter.
   493 | D        | Reached **** piety under Qazlal
   612 | D        | Entered arena 7.
   613 | D        | Found a transporter.
   616 | D        | Reached ***** piety under Qazlal
   635 | D        | Entered arena 8.
   635 | D        | Found the necklace of Bloodlust {*Rage Will++ Int-3 Slay+6}
   635 | D        | Noticed a spriggan rider
   637 | D        | Reached skill level 10 in Fighting
   637 | D        | Reached skill level 10 in Shields
   637 | D        | Found a transporter.
   637 | D        | Killed a hornet
   638 | D        | Reached skill level 10 in Armour
   638 | D        | Reached XP level 9. HP: 82/85 MP: 13/13
   638 | D        | Reached ****** piety under Qazlal
   758 | D        | Got the Verses on Charred Venin
   761 | D        | Entered arena 9.
   761 | D        | Found the +10 tower shield of Ignorance {rN+ Int-4}
   761 | D        | Noticed a naga mage
   761 | D        | Noticed a naga mage
   761 | D        | Noticed a black mamba
   763 | D        | Found a transporter.
   764 | D        | Killed a black mamba
   769 | D        | Killed a naga mage
   773 | D        | Killed a naga mage
   825 | D        | Entered arena 10.
   825 | D        | Noticed a deep elf pyromancer
   825 | D        | Noticed a deep elf archer
   825 | D        | Noticed a deep elf zephyrmancer
   825 | D        | Noticed a deep elf archer
   825 | D        | Noticed a deep elf knight
   825 | D        | Noticed a deep elf pyromancer
   825 | D        | Noticed a deep elf high priest
   826 | D        | Found a transporter.
   826 | D        | Paralysed by an air elemental for 1 turns
   827 | D        | Killed a deep elf knight
   827 | D        | Killed a deep elf pyromancer
   828 | D        | Reached skill level 15 in Axes
   828 | D        | Reached XP level 10. HP: 35/97 MP: 6/15
   829 | D        | Paralysed by an air elemental for 1 turns
   830 | D        | Killed a deep elf high priest
   833 | D        | Killed a deep elf archer
   833 | D        | Killed a deep elf zephyrmancer
   833 | D        | Killed a deep elf pyromancer
   834 | D        | Reached skill level 10 in Invocations
   834 | D        | Killed a deep elf archer
   892 | D        | Entered arena 11.
   893 | D        | Found a transporter.
   896 | D        | Reached XP level 11. HP: 106/106 MP: 8/17
   957 | D        | Entered arena 12.
   957 | D        | Noticed a radroach
   957 | D        | Noticed a steelbarb worm
   957 | D        | Noticed a pharaoh ant
   957 | D        | Noticed a sun moth
   957 | D        | Noticed a sun moth
   958 | D        | Noticed a wolf spider
   958 | D        | Noticed a broodmother
   959 | D        | Killed a pharaoh ant
   960 | D        | Reached skill level 1 in Dodging
   960 | D        | Killed a sun moth
   960 | D        | Killed a steelbarb worm
   961 | D        | Reached skill level 10 in Evocations
   964 | D        | Found a transporter.
   965 | D        | Killed a sun moth
   966 | D        | Killed a radroach
   967 | D        | Noticed a wolf spider
   970 | D        | Killed a wolf spider
   973 | D        | Killed a broodmother
   974 | D        | Reached skill level 5 in Dodging
   989 | D        | Got the ring "Puhasm" {rCorr AC+4 Int-4 Dex+3}
  1073 | D        | Entered arena 13.
  1073 | D        | Noticed a catoblepas
  1073 | D        | Noticed a five-headed hydra
  1074 | D        | Noticed a spriggan berserker
  1076 | D        | Killed a five-headed hydra
  1079 | D        | Reached skill level 15 in Fighting
  1079 | D        | Killed a catoblepas
  1080 | D        | Reached XP level 12. HP: 121/121 MP: 2/20
  1083 | D        | Found a transporter.
  1094 | D        | Got Gaiq's Reference Book on Bedrock and Wanderlust
  1185 | D        | Entered arena 14.
  1185 | D        | Noticed a lich
  1186 | D        | Noticed a vampire mage
  1187 | D        | Noticed a vampire knight
  1191 | D        | Killed a lich
  1194 | D        | Killed a vampire mage
  1201 | D        | Killed a vampire knight
  1202 | D        | Found a transporter.
  1210 | D        | Got the Directory of the Electric Pyre
  1245 | D        | Entered arena 15.
  1246 | D        | Noticed an anaconda
  1246 | D        | Identified the ring "Sobuk" {Ice Str+7}
  1246 | D        | Noticed a naga warrior
  1246 | D        | Noticed a nagaraja
  1247 | D        | Killed an anaconda
  1248 | D        | Reached skill level 10 in Dodging
  1250 | D        | Found a transporter.
  1255 | D        | Killed a nagaraja
  1257 | D        | Killed a naga warrior
  1327 | D        | Entered arena 16.
  1328 | D        | Identified the +2 leather armour "Wetasyun" {Harm Dex+4}
  1328 | D        | Noticed a merfolk aquamancer
  1328 | D        | Noticed a merfolk impaler
  1328 | D        | Noticed a merfolk aquamancer
  1329 | D        | Identified the +6 short sword of the Boar {antimagic, rElec
                  | Dex+3}
  1329 | D        | Noticed a merfolk javelineer
  1332 | D        | Killed a merfolk impaler
  1334 | D        | Killed a merfolk aquamancer
  1335 | D        | Reached XP level 13. HP: 129/134 MP: 13/23
  1336 | D        | Reached skill level 15 in Invocations
  1343 | D        | Killed a merfolk javelineer
  1429 | D        | Found a transporter.
  1445 | D        | Got the Excursus on Solid Shapes
  1451 | D        | Got the Compilation of Shaping
  1551 | D        | Entered arena 17.
  1558 | D        | Noticed a vampire knight
  1567 | D        | Killed a vampire knight
  1568 | D        | Found a transporter.
  1581 | D        | Got the Almanac of the Geological Lungs
  1653 | D        | Entered arena 18.
  1656 | D        | Found the +2 Maxwell's thermic engine {flame, freeze}
  1656 | D        | Noticed an orc warlord
  1662 | D        | Killed an orc warlord
  1676 | D        | Found a transporter.
  1686 | D        | Reached skill level 15 in Evocations
  1806 | D        | Got the Excursus on Changing and the Grave
  1815 | D        | Got the Reference Book on the Sky
  1818 | D        | Entered arena 19.
  1823 | D        | Noticed a pearl dragon
  1823 | D        | Noticed an apis
  1823 | D        | Noticed a daeva
  1823 | D        | Noticed a daeva
  1824 | D        | Noticed an ophan
  1824 | D        | Noticed an ophan
  1825 | D        | Killed an apis
  1825 | D        | Killed a daeva
  1825 | D        | Noticed an angel
  1827 | D        | Noticed an ophan
  1829 | D        | Killed a pearl dragon
  1834 | D        | Killed an ophan
  1837 | D        | Killed an ophan
  1838 | D        | Killed an ophan
  1846 | D        | Killed a daeva
  1849 | D        | Killed an angel
  1937 | D        | Found a transporter.
  1953 | D        | Got Xikas's Vellum of the Sweltering Winter
  1966 | D        | Entered arena 20.
  1971 | D        | Noticed a rockslime
  1971 | D        | Noticed a rockslime
  1972 | D        | Noticed a rockslime
  1973 | D        | Killed a rockslime
  1975 | D        | Reached XP level 14. HP: 131/151 MP: 8/26
  1976 | D        | Killed a rockslime
  1977 | D        | Found the ring of the Hare {EV+8}
  1985 | D        | Killed a rockslime
  1987 | D        | Found a transporter.
  2102 | D        | Entered arena 21.
  2113 | D        | Found the +5 lochaber axe {reach-cleave, poleaxe}
  2120 | D        | Found a transporter.
  2153 | D        | Got the amulet of Guack {Reflect Drain rPois rN+ SH+5}
  2181 | D        | Got the ring of Hureorra {Wiz rC+ Slay+3}
  2205 | D        | Entered arena 22.
  2213 | D        | Noticed a rockslime
  2214 | D        | Noticed an azure jelly
  2214 | D        | Noticed an azure jelly
  2214 | D        | Noticed a rockslime
  2214 | D        | Noticed an azure jelly
  2215 | D        | Noticed a rockslime
  2215 | D        | Noticed an azure jelly
  2215 | D        | Noticed an acid blob
  2216 | D        | Noticed an azure jelly
  2216 | D        | Noticed a rockslime
  2216 | D        | Noticed an acid blob
  2217 | D        | Killed a rockslime
  2217 | D        | Killed an acid blob
  2217 | D        | Killed a rockslime
  2217 | D        | Killed an acid blob
  2217 | D        | Killed an azure jelly
  2218 | D        | Killed a rockslime
  2218 | D        | Killed an azure jelly
  2218 | D        | Killed an azure jelly
  2218 | D        | Killed a rockslime
  2219 | D        | Noticed an acid blob
  2219 | D        | Noticed an acid blob
  2222 | D        | Killed an azure jelly
  2225 | D        | Killed an azure jelly
  2230 | D        | Killed an acid blob
  2231 | D        | Killed an acid blob
  2232 | D        | Reached XP level 15. HP: 71/169 MP: 12/28
  2317 | D        | Found a transporter.
  2331 | D        | Got the amulet of Xom's Attic {Acrobat Regen+}
  2343 | D        | Got the ring "Iluiqo Giga" {rElec rPois Will+ Slay+4
                  | Stlth+}
  2368 | D        | Entered arena 23.
  2380 | D        | Noticed a hellephant
  2380 | D        | Noticed an ancient lich
  2381 | D        | Noticed a Brimstone Fiend
  2381 | D        | Noticed a searing wretch
  2381 | D        | Noticed a searing wretch
  2381 | D        | Identified the +10 dagger "Ticuf" {vamp, MP+9 SInv Stlth-}
  2381 | D        | Identified the ring of Xom's Regard {Contam EV+4 Str+2
                  | Int+9 Dex-3}
  2381 | D        | Noticed a searing wretch
  2382 | D        | Noticed a fire giant
  2382 | D        | Noticed a hellephant
  2383 | D        | Noticed a hellephant
  2383 | D        | Noticed a Brimstone Fiend
  2384 | D        | Killed an ancient lich
  2384 | D        | Killed a fire giant
  2384 | D        | Killed a searing wretch
  2384 | D        | Killed a Brimstone Fiend
  2384 | D        | Killed a hellephant
  2384 | D        | Killed a Brimstone Fiend
  2384 | D        | Killed a hellephant
  2384 | D        | Killed a searing wretch
  2384 | D        | Killed a searing wretch
  2385 | D        | Reached skill level 27 in Fighting
  2385 | D        | Noticed a searing wretch
  2386 | D        | Noticed a searing wretch
  2387 | D        | Noticed a hellephant
  2397 | D        | Killed a hellephant
  2398 | D        | Noticed a hellephant
  2406 | D        | Killed a searing wretch
  2407 | D        | Noticed a searing wretch
  2414 | D        | Killed a searing wretch
  2416 | D        | Killed a hellephant
  2418 | D        | Noticed a searing wretch
  2419 | D        | Killed a searing wretch
  2430 | D        | Killed a searing wretch
  2443 | D        | Killed a hellephant
  2515 | D        | Found a transporter.
  2546 | D        | Got the amulet "Ruachetaku" {Spirit rC- rN+++ Str+3 Stlth+}
  2569 | D        | Entered arena 24.
  2580 | D        | Noticed an ancient lich
  2580 | D        | Noticed a lich
  2580 | D        | Identified the +3 long sword of the Forest {vamp, rCorr
                  | Dex+4}
  2580 | D        | Identified the ring of Heestraci {rC+ Dex+2}
  2581 | D        | Noticed a lich
  2582 | D        | Killed a lich
  2582 | D        | Killed a lich
  2582 | D        | Killed an ancient lich
  2583 | D        | Reached XP level 16. HP: 183/183 MP: 22/32
  2583 | D        | Identified the +7 rapier "Feonevve" {pain, rElec Str+2
                  | Dex+5}
  2586 | D        | Reached skill level 27 in Invocations
  2588 | D        | Identified the ring of the Blind Eye {Will+ Str+3 SInv}
  2589 | D        | Found the +3 Elemental Staff {rElec rF++ rC++ AC+5}
  2593 | D        | Found a transporter.
  2622 | D        | Got Sif Muna's Incunabulum of Chthonic Hexes
  2667 | D        | Entered arena 25.
  2680 | D        | Reached skill level 27 in Evocations
  2682 | D        | Identified the ring "Datuk" {rC+ rN+ Int+6 Stlth+}
  2683 | D        | Identified the ring "Optecus" {+Blink rF+++ Str+6 Int-5
                  | Stlth-}
  2685 | D        | Reached skill level 15 in Dodging
  2685 | D        | Reached skill level 15 in Shields
  2687 | D        | Found a transporter.
  2706 | D        | Got the amulet of Hamew {Acrobat rPois Will+ Regen+ Str-3}
  2715 | D        | Got the Encyclopedia of Violent Shapeshifting
  2724 | D        | Got the Almanac of Changing and Translocation
  2727 | D        | Got the Writings on Geological Lightning
  2780 | D        | Entered arena 26.
  2794 | D        | Noticed a deep elf master archer
  2794 | D        | Noticed a deep elf master archer
  2795 | D        | Noticed a deep elf master archer
  2796 | D        | Killed a deep elf master archer
  2796 | D        | Killed a deep elf master archer
  2796 | D        | Killed a deep elf master archer
  2796 | D        | Killed a deep elf master archer
  2796 | D        | Noticed a deep elf master archer
  2797 | D        | Noticed a deep elf master archer
  2798 | D        | Noticed a deep elf master archer
  2798 | D        | Killed a deep elf master archer
  2799 | D        | Identified the ring of Kamizac {rCorr Str+6}
  2800 | D        | Killed a deep elf master archer
  2800 | D        | Killed a deep elf master archer
  2800 | D        | Killed a deep elf master archer
  2801 | D        | Reached XP level 17. HP: 180/191 MP: 17/33
  2803 | D        | Identified the +3 leather armour of the Known World {+Inv
                  | rElec rF- Dex-5}
  2803 | D        | Noticed a deep elf master archer
  2805 | D        | Noticed a deep elf master archer
  2805 | D        | Identified the ring "Atzeekah" {rC+ Str+4}
  2807 | D        | Found a transporter.
  2808 | D        | Killed a deep elf master archer
  2809 | D        | Killed a deep elf master archer
  2833 | D        | Got the Spellbook of Mutated Outbursts
  2903 | D        | Entered arena 27.
  2917 | D        | Noticed Gastronok
  2917 | D        | Noticed Chuck
  2918 | D        | Noticed Terence
  2918 | D        | Noticed Blork the orc
  2918 | D        | Noticed Pargi
  2918 | D        | Found the +4 staff of Dispater
  2918 | D        | Noticed Dispater
  2918 | D        | Noticed Psyche
  2918 | D        | Noticed Harold
  2918 | D        | Noticed Crazy Yiuf
  2919 | D        | Noticed Urug
  2919 | D        | Noticed Louise
  2919 | D        | Noticed Kirke
  2919 | D        | Noticed Prince Ribbit
  2919 | D        | Noticed the 27-headed Lernaean hydra
  2919 | D        | Identified the +2 rapier of Winos {vorpal, *Noise Str+4}
  2919 | D        | Noticed Ijyb
  2919 | D        | Noticed Grum
  2919 | D        | Noticed Xtahua
  2920 | D        | Noticed the Royal Jelly
  2920 | D        | Noticed Sojobo
  2920 | D        | Noticed Pikel
  2920 | D        | Noticed the Enchantress
  2921 | D        | Noticed Antaeus
  2921 | D        | Killed Ijyb
  2921 | D        | Killed Pikel
  2921 | D        | Killed Kirke
  2921 | D        | Killed Pargi
  2921 | D        | Killed Louise
  2921 | D        | Killed Crazy Yiuf
  2921 | D        | Killed Chuck
  2921 | D        | Killed Blork the orc
  2921 | D        | Killed the 27-headed Lernaean hydra
  2921 | D        | Killed Psyche
  2921 | D        | Killed Prince Ribbit
  2921 | D        | Killed Urug
  2921 | D        | Killed Grum
  2921 | D        | Killed Harold
  2921 | D        | Killed Maurice
  2921 | D        | Killed Gastronok
  2921 | D        | Killed Erolcha
  2921 | D        | Noticed an acid blob
  2921 | D        | Noticed an acid blob
  2922 | D        | Noticed an acid blob
  2922 | D        | Found the +7 Spriggan's Knife {stab, EV+4 Stlth+}
  2922 | D        | Noticed Boris
  2923 | D        | Noticed an acid blob
  2923 | D        | Noticed Jessica
  2923 | D        | Noticed Geryon
  2923 | D        | Noticed Dissolution
  2923 | D        | Identified the ring "Jonkosm" {rCorr Dex+4}
  2923 | D        | Noticed Azrael
  2923 | D        | Identified the +3 chain mail "Xaonanor" {rPois Slay+3}
  2923 | D        | Noticed Edmund
  2923 | D        | Noticed Frances
  2924 | D        | Identified the ring of the Jester {rF+ rC+ Slay+2}
  2924 | D        | Noticed Agnes
  2924 | D        | Killed the Enchantress
  2924 | D        | Killed Azrael
  2924 | D        | Killed Dissolution
  2924 | D        | Killed Jessica
  2924 | D        | Killed Xtahua
  2924 | D        | Killed Sojobo
  2924 | D        | Killed Frances
  2924 | D        | Killed an acid blob
  2924 | D        | Killed Agnes
  2924 | D        | Killed Edmund
  2924 | D        | Killed an acid blob
  2924 | D        | Killed an acid blob
  2924 | D        | Killed Frederick
  2924 | D        | Killed an acid blob
  2924 | D        | Killed Boris
  2924 | D        | Killed Joseph
  2924 | D        | Killed Terence
  2924 | D        | Noticed Ignacio
  2925 | D        | Killed the Royal Jelly
  2925 | D        | Killed Snorg
  2925 | D        | Killed Ignacio
  2925 | D        | Killed Grinder
  2926 | D        | Reached XP level 18. HP: 200/200 MP: 10/34
  2929 | D        | Noticed a Hell Sentinel
  2929 | D        | Identified the +6 plate armour of the Little Devil {rN++
                  | Dex+3 Stlth-}
  2929 | D        | Noticed Saint Roka
  2931 | D        | Noticed Menkaure
  2934 | D        | Noticed a Hell Sentinel
  2935 | D        | Killed Geryon
  2935 | D        | Killed Menkaure
  2935 | D        | Killed Saint Roka
  2936 | D        | Reached skill level 27 in Armour
  2938 | D        | Noticed a Hell Sentinel
  2942 | D        | Noticed a Hell Sentinel
  2952 | D        | Noticed a Hell Sentinel
  2952 | D        | Killed from afar by Dispater

Illustrated notes

Levels and vault maps discovered:
D:        sprint_v [room_start, room_1, room_2, room_3, room_4, room_5, room_6,
          room_7, room_8, room_9, room_10, room_11, room_12, room_13, room_14,
          room_15, room_16, room_17, room_18, room_19, room_20, room_21,
          room_22, room_23, room_24, room_25, room_26, room_27]

Skill      XL: |  1  2  3  4  5  6  7  8  9 10 11 12 13 14 15 16 17 18 |
---------------+-------------------------------------------------------+-----
Fighting       | 4 5 6 7 9 10 11 12 15 18 21 25 27 | 27.0
Axes           | 5 6 8 9 10 11 13 15 17 18 | 18.0
Armour         | 4 5 6 7 8 10 11 12 14 20 26 27 | 27.0
Shields        | 4 5 6 7 8 9 10 11 12 13 19 26 | 26.6
Invocations    | 2 3 4 5 6 7 9 10 12 14 18 21 26 27 | 27.0
Evocations     | 2 3 4 5 6 7 8 9 11 13 16 19 24 27 | 27.0
Dodging        | 7 12 13 19 25 | 25.5

Action                   |  1- 3 |  4- 6 |  7- 9 | 10-12 | 13-15 | 16-18 || total
-------------------------+-------+-------+-------+-------+-------+-------++-------
Melee: Broad axe         |     5 |    11 |    32 |    46 |    88 |    45 ||   227
       Headbutt          |     1 |       |     3 |    10 |    24 |    15 ||    53
Invok: Upheaval          |       |     1 |       |       |       |       ||     1
       Disaster Area     |       |       |     2 |     9 |    15 |     9 ||    35
       Elemental Force   |       |       |       |       |     1 |       ||     1
Evoke: Condenser vane    |       |       |     1 |     2 |     6 |     3 ||    12
       Tin of tremorston |       |       |       |       |     1 |       ||     1
  Use: Potion            |     1 |     1 |       |     3 |     6 |       ||    11
       Scroll            |       |       |       |     5 |     8 |       ||    13
 Stab: Petrified         |       |       |       |     1 |       |       ||     1
Armor: Gold dragon scale |     2 |    28 |    51 |    17 |    37 |    15 ||   150
Dodge: Dodged            |     1 |     4 |     5 |     9 |    31 |    37 ||    87
       Repelled          |       |       |       |     2 |     2 |     2 ||     6
Block: Tower shield      |     5 |    32 |    65 |    50 |   139 |    98 ||   389
       Reflection        |       |       |       |       |     2 |    47 ||    49

Table legend: (Time is in decaauts)
 A = Elapsed time spent in this place.
 B = Non-inter-level travel time spent in this place.
 C = Inter-level travel time spent in this place.
 D = Time resting spent in this place.
 E = Time spent auto-exploring this place.
 F = Levels seen in this place.
 G = Mean time per level.
                   A        B        C        D        E       F      G
               +--------+--------+--------+--------+--------+-----+--------+
         Total |   2961 |   2958 |      3 |   1548 |      0 |   1 | 2961.0 |
       Dungeon |   2961 |   2958 |      3 |   1548 |      0 |   1 | 2961.0 |
               +--------+--------+--------+--------+--------+-----+--------+

Top non-repeatable levels by time:
       D: 2961 daAuts
